 Dungeon Crawl Stone Soup version 0.29-a0-575-g0dc89cf053 (webtiles) character file.

Game seed: 1558919010072206926

168 Pooter the Poker (level 5, 0/41 HPs)
             Began as a Merfolk Gladiator on June 13, 2022.
             Was a Believer of Cheibriados.
             Slain by Edmund
             ... wielding a +6 flail of protection
              (7 damage)
             ... on level 4 of the Dungeon.
             The game lasted 00:17:53 (3236 turns).

Pooter the Poker (Merfolk Gladiator)                Turns: 3236, Time: 00:17:54

Health: 0/41       AC: 10    Str: 21    XL:     5   Next: 48%
Magic:  5/5        EV: 11    Int: 11    God:    Cheibriados [**....]
Gold:   107        SH:  8    Dex: 19    Spells: 4/4 levels left

rFire   + + .      SeeInvis .   a - +0 trident
rCold   + . .      Faith    .   r - +0 kite shield
rNeg    . . .      Spirit   .   l - +0 ring mail
rPois   .          Reflect  .   v - +2 helmet
rElec   .          Harm     .   x - scarf {rC+ rF+}
rCorr   +          Rampage  .   (no gloves)
Will    .....                   m - +1 pair of boots
Stlth   +.........              (no amulet)
HPRegen 0.13/turn               C - ring of resist corrosion
MPRegen 0.09/turn               F - ring of protection from fire

@: very slow
A: (nimble swimmer 2), mertail
a: Renounce Religion, Bend Time


You were on level 4 of the Dungeon.
You worshipped Cheibriados.
Cheibriados was pleased with you.
You visited 1 branch of the dungeon, and saw 4 of its levels.

You collected 107 gold pieces.

Inventory:

Hand Weapons
 a - a +0 trident (weapon)
Missiles
 c - 4 boomerangs (quivered)
 e - a javelin
 q - 9 poisoned darts
 E - 4 throwing nets {!f}
 Q - 137 stones
Armour
 b - a +0 leather armour
 l - a +0 ring mail (worn)
   (You found it on level 1 of the Dungeon)
 m - a +1 pair of boots (worn)
   (You found it on level 1 of the Dungeon)
 r - a +0 kite shield (worn)
   (You found it on level 2 of the Dungeon)
 v - a +2 helmet (worn)
   (You found it on level 2 of the Dungeon)
 x - a scarf of resistance (worn)
   (You found it on level 3 of the Dungeon)
Jewellery
 C - a ring of resist corrosion (left hand)
   (You found it on level 3 of the Dungeon)
 F - a ring of protection from fire (right hand)
   (You found it on level 4 of the Dungeon)
Wands
 d - a wand of iceblast (5)
   (You found it on level 4 of the Dungeon)
 u - a wand of paralysis (10)
   (You found it on level 3 of the Dungeon)
Scrolls
 h - 2 scrolls of fear
 j - a scroll of noise {!r}
 k - 3 scrolls of fog
 w - a scroll of poison {unknown}
 y - 2 scrolls of enchant armour
 A - a scroll of blinking
 B - a scroll of magic mapping {unknown}
 H - a scroll of amnesia
Potions
 f - 4 potions of curing {@q1}
 g - a potion of berserk rage {unknown}
 n - a potion of mutation {unknown}
 o - a potion of heal wounds {unknown}
 p - a potion of resistance {unknown}
 s - a potion of attraction {unknown}
 t - a potion of ambrosia {unknown}
 z - 3 potions of flight {unknown}
 D - a potion of haste {unknown}
 G - a potion of might {unknown}


   Skills:
 + Level 3.1 Fighting
 * Level 5.6 Polearms
 + Level 2.8 Throwing
 + Level 4.8 Dodging
 + Level 1.3 Invocations
 + Level 1.1 Evocations


You had 4 spell levels left.
You didn't know any spells.
Your spell library was empty.

Dungeon Overview and Level Annotations

Branches:
Dungeon (4/15)
 Temple: D:4-7

Altars:
Cheibriados
Gozag

Annotations:
D:4 Edmund


Innate Abilities, Weirdness & Mutations

((You are very nimble when in or above water. (Stealth+, EV+, Speed+++)))
Your lower body shifts to a powerful aquatic tail in water.


Message History

Edmund shouts!
Aim: Edmund, wielding a +6 flail of protection and wearing a +1 leather armour of cold resistance (chance to affect: 50%) Edmund suddenly stops moving!
You reach to attack!
The helpless Edmund fails to defend himself.
You hit Edmund but do no damage.
You reach to attack!
The helpless Edmund fails to defend himself.
You hit Edmund.
You reach to attack!
The helpless Edmund fails to defend himself.
You hit Edmund.
You reach to attack!
The helpless Edmund fails to defend himself.
You hit Edmund.
You reach to attack!
The helpless Edmund fails to defend himself.
You hit Edmund.
Edmund is no longer paralysed.
You puncture Edmund! You block Edmund's attack.
You hit Edmund but do no damage. You block Edmund's attack.
You barely miss Edmund.
Edmund hits you with a +6 flail of protection.
You block Edmund's attack.
You hit Edmund but do no damage.
Edmund hits you with a +6 flail of protection!
You hit Edmund. Edmund hits you but does no damage.
You hit Edmund. Edmund barely misses you.
You hit Edmund but do no damage. You block Edmund's attack.
You barely miss Edmund. Edmund hits you but does no damage.
Edmund closely misses you.
You barely miss Edmund.
Edmund says, "People accused me of being a cutpurse!"
You block Edmund's attack.
You hit Edmund but do no damage.
Edmund hits you with a +6 flail of protection!
* * * LOW HITPOINT WARNING * * *
You hit Edmund but do no damage.
Edmund hits you with a +6 flail of protection!
* * * LOW HITPOINT WARNING * * *
You hit Edmund. You block Edmund's attack.
Unknown command.
You barely miss Edmund.
Edmund hits you with a +6 flail of protection.
* * * LOW HITPOINT WARNING * * *
You block Edmund's attack.
Unknown command.
Aim: Edmund, wielding a +6 flail of protection and wearing a +1 leather armour of cold resistance (severely wounded, chance to affect: 50%) Edmund resists with significant effort.
Edmund hits you with a +6 flail of protection!
You die...

#........#####.......##
#........# #.......#
#........# #.......#
#........# #.......#
#........### #########
#..........#
#..........#
####.......# #..@....#
#..@...(# #.......#
#.......# #.......#
#.......# #.......#
#########


You could see Edmund.

Vanquished Creatures
  An ogre (D:4)
  4 worms
  A dart slug (D:1)
  5 orcs (D:3)
  6 endoplasms
  3 giant cockroaches
  4 goblins
  9 hobgoblins
  2 quokkas (D:1)
  6 ball pythons
  7 bats
  3 frilled lizards (D:1)
  5 kobolds
  3 rats
59 creatures vanquished.

Vanquished Creatures (others)
  2 plants (D:2)
2 creatures vanquished.

Grand Total: 61 creatures vanquished

Notes
Turn   | Place    | Note
-------+----------+-------------------------------------------
     0 | D:1      | Pooter the Merfolk Gladiator began the quest for the Orb.
     0 | D:1      | Reached XP level 1. HP: 16/16 MP: 1/1
   411 | D:1      | Reached XP level 2. HP: 21/23 MP: 2/2
  1084 | D:2      | Found an opulent altar of Gozag.
  1095 | D:2      | Reached XP level 3. HP: 28/28 MP: 3/3
  1330 | D:2      | Found a faded altar of an unknown god.
  1337 | D:2      | Prayed at the altar of an unknown god.
  1337 | D:2      | Became a worshipper of Cheibriados the Contemplative
  1337 | D:2      | Reached * piety under Cheibriados
  2167 | D:3      | Reached skill level 5 in Polearms
  2235 | D:3      | Reached XP level 4. HP: 34/34 MP: 4/4
  2305 | D:3      | Reached ** piety under Cheibriados
  2604 | D:4      | Noticed an ogre
  2612 | D:4      | Killed an ogre
  2613 | D:4      | Reached skill level 1 in Invocations
  2613 | D:4      | Reached skill level 1 in Evocations
  2613 | D:4      | Reached XP level 5. HP: 41/41 MP: 1/5
  3212 | D:4      | Noticed Edmund
  3236 | D:4      | Slain by Edmund

Illustrated notes

Levels and vault maps discovered:
D:1:      dpeg_arrival_fog, layout_loops_corners, kennysheep_doodads
D:2:      layout_basic, basic_ecumenical_altar, serial_forest,
          infiniplex_forest_clump_cross, infiniplex_forest_clump_curved,
          infiniplex_forest_straight_3, infiniplex_forest_clump_tiny,
          infiniplex_forest_lined_2, basic_altar
D:3:      layout_basic
D:4:      layout_basic, nicolae_shop_clearance, uniq_edmund

Skill      XL: |  1  2  3  4 |
---------------+-------------+-----
Polearms       | 5 |  5.6
Fighting       | 3 |  3.1
Invocations    | 1 |  1.3
Evocations     | 1 |  1.1
Throwing       | |  2.8
Dodging        | |  4.8

Action                   |  1- 3 |  4- 6 || total
-------------------------+-------+-------++-------
Melee: Trident           |   150 |    48 ||   198
Throw: Stone             |     9 |       ||     9
       Dart              |    16 |     7 ||    23
       Boomerang         |       |     5 ||     5
       Javelin           |       |     1 ||     1
Invok: Bend Time         |       |     1 ||     1
Evoke: Wand              |       |     4 ||     4
  Use: Scroll            |     4 |     3 ||     7
 Stab: Sleeping          |     1 |       ||     1
       Paralysed         |       |     8 ||     8
Armor: Leather armour    |     6 |       ||     6
       Ring mail         |    32 |     5 ||    37
Dodge: Dodged            |    59 |    11 ||    70
Block: Kite shield       |    23 |    16 ||    39

Table legend: (Time is in decaauts)
 A = Elapsed time spent in this place.
 B = Non-inter-level travel time spent in this place.
 C = Inter-level travel time spent in this place.
 D = Time resting spent in this place.
 E = Time spent auto-exploring this place.
 F = Levels seen in this place.
 G = Mean time per level.
                   A        B        C        D        E       F      G
               +--------+--------+--------+--------+--------+-----+--------+
         Total |   3957 |   3877 |     80 |     40 |   3131 |   4 |  989.2 |
       Dungeon |   3957 |   3877 |     80 |     40 |   3131 |   4 |  989.2 |
               +--------+--------+--------+--------+--------+-----+--------+

Top non-repeatable levels by time:
     D:2: 1092 daAuts
     D:1: 1090 daAuts
     D:4: 933 daAuts
     D:3: 840 daAuts
